[Event "Saturday Night engine Tour 9 Rd Swiss 7m+1s Starts at 2200hrs ST"]
[Site "Infinity Chess"]
[Date "2018.1.21"]
[Round "7"]
[White "Dovahkiin"]
[Black "star99"]
[Result "0-1"]
[ECO "A00"]
[WhiteElo "2453"]
[BlackElo "2425"]
[WhiteEngine "BrainFish_180113_x64_modern_CTG"]
[BlackEngine "Cryptic AIL V1"]
[EventType "Swiss"]
[WhiteTeam ""]
[BlackTeam ""]
[PlyCount "162"]
[TimeControl "420+1"]

1. e3 e5 2. e4 Nf6 3. Nc3 Bb4 4. Nf3 O-O 5. Nxe5 d5 6. Nd3 Bxc3 7. dxc3 dxe4 
8. Nf4 Qxd1+ 9. Kxd1 Rd8+ 10. Ke1 Nc6 11. Ne2 h6 12. Ng3 a5 13. f3 Re8 
14. Kf2 Bd7 15. Bb5 exf3 16. gxf3 Ne5 17. Bxd7 Nfxd7 18. Re1 Re6 19. Bf4 g5 
20. Bxe5 Nxe5 21. Rad1 Rae8 22. Re4 b6 23. h3 Ng6 24. c4 Rxe4 25. fxe4 Re6 
26. b3 Rf6+ 27. Ke3 Nh4 28. Ke2 Re6 29. Kf2 Kf8 30. Rd7 Rc6 31. c3 Ke8 
32. Rd5 Re6 33. a4 Rf6+ 34. Nf5 Nxf5 35. exf5 Rc6 36. Kg3 Ke7 37. Kg4 Rc5 
38. Rd3 Re5 39. Kh5 Re4 40. Kxh6 Kf6 41. Kh7 Kxf5 42. Kg7 Ke6 43. Rd8 Rh4 
44. Rd3 f5 45. Kg6 g4 46. Re3+ Kd6 47. hxg4 fxg4 48. Re4 Rh3 49. c5+ bxc5 
50. b4 cxb4 51. cxb4 axb4 52. Rxb4 g3 53. Kf5 c5 54. Rc4 Kd5 55. Rc1 g2 
56. Rg1 Rg3 57. a5 Kc6 58. Kf4 Rg8 59. a6 Kb6 60. Ke4 c4 61. a7 Kxa7 
62. Kd4 Rg4+ 63. Ke3 Kb6 64. Kf3 Rg8 65. Ke3 Kc5 66. Kd2 Rg3 67. Ke1 c3 
68. Kf2 Rg8 69. Ke3 Kc4 70. Kf2 c2 71. Ke2 Kc3 72. Ke3 Kb2 73. Kf3 c1=Q 
74. Rxg2+ Rxg2 75. Kxg2 Qf4 76. Kg1 Kc3 77. Kg2 Kd4 78. Kg1 Ke3 79. Kh1 Kf3 
80. Kg1 Qg5+ 81. Kf1 Qc1# 0-1

[Event "Saturday Night engine Tour 9 Rd Swiss 7m+1s Starts at 2200hrs ST"]
[Site "Infinity Chess"]
[Date "2018.1.21"]
[Round "7"]
[White "RonWeasley"]
[Black "tris77"]
[Result "1-0"]
[ECO "B97"]
[WhiteElo "2503"]
[BlackElo "2435"]
[WhiteEngine "BrainFish 130117_CTG"]
[BlackEngine "stockfish_17091709_x64_CTG"]
[EventType "Swiss"]
[WhiteTeam ""]
[BlackTeam ""]
[PlyCount "245"]
[TimeControl "420+1"]

1. e4 c5 2. Nf3 d6 3. d4 cxd4 4. Nxd4 Nf6 5. Nc3 a6 6. Bg5 e6 7. f4 Qb6 
8. Nb3 Be7 9. Qd2 Nbd7 10. O-O-O h6 11. Bxf6 Nxf6 12. Be2 Qc7 13. Bf3 Bd7 
14. g4 g5 15. h4 O-O-O 16. fxg5 hxg5 17. h5 Kb8 18. Kb1 Rc8 19. Qd4 Bc6 
20. Qd2 Be8 21. Be2 Nd7 22. Rh3 Ne5 23. Rf1 Qb6 24. Nd1 Bc6 25. Re3 Bb5 
26. Rh3 Bc6 27. Re3 Bb5 28. Rg3 Bc6 29. Nc3 Be8 30. Nd4 Qb4 31. a3 Qa5 
32. Nf3 Nd7 33. Nd1 Qxd2 34. Nxd2 Nf6 35. Nf2 Bc6 36. Rc3 d5 37. e5 Nd7 
38. Nd3 Rcf8 39. Nf3 Bb5 40. Re1 Bc4 41. Nc1 f5 42. exf6 Bxf6 43. Re3 d4 
44. Bxc4 dxe3 45. Rxe3 Re8 46. Nd3 Rhf8 47. Nd2 Bd4 48. Re1 Bf2 49. Rxe6 Be3 
50. Ne4 Kc7 51. Bb3 Rxe6 52. Bxe6 Nf6 53. Nxf6 Rxf6 54. Bf5 Kd6 55. c3 Kd5 
56. Kc2 a5 57. a4 Rc6 58. Ne1 Ke5 59. Nd3+ Kd5 60. Bh7 Rf6 61. Bg6 Bf2 
62. Bf5 Bb6 63. Bc8 Rf7 64. Bf5 Rf6 65. Ne1 Ke5 66. Kb3 Rc6 67. Nf3+ Kf6 
68. Be4 Rc7 69. h6 Re7 70. Bf5 Be3 71. Nd4 Re8 72. Kc4 Bc1 73. b4 b6 
74. bxa5 bxa5 75. h7 Bb2 76. Ne6 Rb8 77. Nc5 Kg7 78. Ne4 Bc1 79. Kd5 Rd8+ 
80. Kc6 Rd1 81. c4 Rh1 82. Nc5 Kf7 83. Kd7 Bf4 84. Ne6 Rd1+ 85. Kc8 Be5 
86. c5 Ke7 87. Kb7 Ra1 88. c6 Rxa4 89. c7 Rc4 90. c8=Q Rxc8 91. Kxc8 a4 
92. Nxg5 Bg7 93. Ne6 Bb2 94. Nf4 Kf7 95. Ng6 a3 96. h8=Q Bxh8 97. Nxh8+ Ke7 
98. Bb1 Kf6 99. Kd7 Kg5 100. Nf7+ Kxg4 101. Ne5+ Kh5 102. Ke6 Kh6 103. Kf6 a2 
104. Bxa2 Kh7 105. Ng6 Kh6 106. Bg8 Kh5 107. Ne5 Kh4 108. Kf5 Kg3 109. Ng4 Kg2 
110. Bc4 Kf3 111. Bd3 Kg3 112. Be2 Kh4 113. Nf2 Kg3 114. Nd1 Kh4 115. Kf4 Kh3 
116. Ne3 Kh4 117. Nf5+ Kh3 118. Bf1+ Kh2 119. Kf3 Kg1 120. Ne3 Kh2 121. Kf2 Kh1 
122. Bg2+ Kh2 123. Nf1# 1-0

[Event "Saturday Night engine Tour 9 Rd Swiss 7m+1s Starts at 2200hrs ST"]
[Site "Infinity Chess"]
[Date "2018.1.21"]
[Round "7"]
[White "AHGST"]
[Black "Thinker"]
[Result "1/2-1/2"]
[ECO "C77"]
[WhiteElo "2441"]
[BlackElo "2508"]
[WhiteEngine "EngineDeepShredder13UCIx64"]
[BlackEngine "BrainFish_180113_x64_modern_CTG"]
[EventType "Swiss"]
[WhiteTeam ""]
[BlackTeam ""]
[PlyCount "56"]
[TimeControl "420+1"]

1. e4 e5 2. Nf3 Nc6 3. Bb5 a6 4. Ba4 Nf6 5. O-O Be7 6. Re1 b5 7. Bb3 O-O 
8. d4 d6 9. c3 Bg4 10. Be3 exd4 11. cxd4 Na5 12. Bc2 c5 13. h3 Bh5 14. g4 Bg6 
15. Nbd2 Nd7 16. Qe2 Re8 17. dxc5 dxc5 18. a4 Rb8 19. axb5 axb5 20. Bf4 Rb7 
21. Nf1 Nc6 22. Ng3 Bf8 23. h4 Qf6 24. Bg5 Qxb2 25. Rab1 Qa2 26. Ra1 Qb2 
27. Rab1 Qa2 28. Ra1 Qb2 1/2-1/2

[Event "Saturday Night engine Tour 9 Rd Swiss 7m+1s Starts at 2200hrs ST"]
[Site "Infinity Chess"]
[Date "2018.1.21"]
[Round "7"]
[White "KhalidOmar"]
[Black "ocirema"]
[Result "1/2-1/2"]
[ECO "B50"]
[WhiteElo "2530"]
[BlackElo "2507"]
[WhiteEngine "Eman 1.64c 64-bit BMI2"]
[BlackEngine "stockfish_18011309_x64_modern_CTG"]
[EventType "Swiss"]
[WhiteTeam ""]
[BlackTeam ""]
[PlyCount "103"]
[TimeControl "420+1"]

1. e4 c5 2. Nf3 d6 3. Nc3 Nf6 4. d4 cxd4 5. Nxd4 a6 6. Be3 e5 7. Nf3 Be7 
8. Bc4 O-O 9. O-O Nc6 10. Bg5 Be6 11. Qe2 Nh5 12. Be3 Nf6 13. Rad1 b5 
14. Bb3 Rc8 15. a4 bxa4 16. Nxa4 Bxb3 17. cxb3 Re8 18. Qxa6 Qa5 19. Qe2 Qb4 
20. Rc1 Qb7 21. Nb6 Rb8 22. Qc4 Na5 23. Qa4 Nxb3 24. Qxb3 Bd8 25. Rc4 Bxb6 
26. Rb4 Nd7 27. Bxb6 Nxb6 28. Rd1 Qc7 29. Qd3 Red8 30. g3 h6 31. Qc3 Qa7 
32. Qb3 Qc7 33. Qc3 Qa7 34. Qb3 Qc7 35. Nh4 Nd7 36. Nf5 Rxb4 37. Qxb4 Nf6 
38. Kg2 Rb8 39. Qxd6 Qxd6 40. Nxd6 Rxb2 41. h3 g6 42. Rc1 Rb6 43. Rc8+ Kg7 
44. Nc4 Rb1 45. f3 Rc1 46. g4 Rc2+ 47. Kg3 Rc3 48. Kf2 Rc2+ 49. Ke3 Rc3+ 
50. Kf2 Rc2+ 51. Ke1 Rc3 52. Kf2 1/2-1/2

[Event "Saturday Night engine Tour 9 Rd Swiss 7m+1s Starts at 2200hrs ST"]
[Site "Infinity Chess"]
[Date "2018.1.21"]
[Round "7"]
[White "Eman"]
[Black "CoffeeOne"]
[Result "1/2-1/2"]
[ECO "C58"]
[WhiteElo "2512"]
[BlackElo "2540"]
[WhiteEngine "Eman 1.64c 64-bit POPCNT"]
[BlackEngine "Houdini 6"]
[EventType "Swiss"]
[WhiteTeam ""]
[BlackTeam ""]
[PlyCount "133"]
[TimeControl "420+1"]

1. e4 e5 2. Nf3 Nc6 3. Bc4 Nf6 4. Ng5 d5 5. exd5 Na5 6. Bb5+ c6 7. dxc6 bxc6 
8. Bd3 Nd5 9. h4 h6 10. Qh5 Qf6 11. Ne4 Qe6 12. Ng5 Qf6 13. Ne4 Qe7 14. Be2 Rb8 
15. d3 g6 16. Qf3 Bg7 17. g4 O-O 18. Nbc3 f5 19. gxf5 gxf5 20. Nxd5 cxd5 
21. Nc3 Nc6 22. Rg1 Nd4 23. Qh5 Nxc2+ 24. Kd1 Nxa1 25. Nxd5 Qd6 26. Bxh6 Rb7 
27. Bf3 e4 28. dxe4 Rd7 29. Rg6 Qe5 30. Bxg7 Rxg7 31. Qg5 Qd4+ 32. Kc1 Qc4+ 
33. Nc3 Qf7 34. Bh5 Be6 35. Kb1 Nc2 36. Rxg7+ Qxg7 37. Kxc2 Kh7 38. Qe3 fxe4 
39. Be2 Qc7 40. a3 Bf5 41. Kd2 Rc8 42. Ke1 Qg7 43. h5 Re8 44. Kd2 a5 45. Kc2 Rd8 
46. Kb1 Rd2 47. Kc1 Rd7 48. Kb1 Rc7 49. Nd5 Rb7 50. Nc3 Rd7 51. Qf4 Rf7 
52. Ka1 Qh6 53. Qe5 Qc1+ 54. Ka2 Qf4 55. Qd4 Be6+ 56. Bc4 Rd7 57. Nd5 Bxd5 
58. Bxd5 Qf5 59. Bxe4 Rxd4 60. Bxf5+ Kh6 61. Kb3 Kxh5 62. Bc2 Rf4 63. f3 a4+ 
64. Kc3 Rxf3+ 65. Kc4 Rf1 66. Bxa4 Rf4+ 67. Kb3 1/2-1/2

[Event "Saturday Night engine Tour 9 Rd Swiss 7m+1s Starts at 2200hrs ST"]
[Site "Infinity Chess"]
[Date "2018.1.21"]
[Round "7"]
[White "Murx"]
[Black "Deep_Impact"]
[Result "1/2-1/2"]
[ECO "A15"]
[WhiteElo "2515"]
[BlackElo "2564"]
[WhiteEngine "BrainFish_180113_x64_modern"]
[BlackEngine "BrainFish_180113_x64_modern"]
[EventType "Swiss"]
[WhiteTeam ""]
[BlackTeam ""]
[PlyCount "70"]
[TimeControl "420+1"]

1. c4 Nf6 2. b3 e5 3. Bb2 Nc6 4. e3 d5 5. cxd5 Nxd5 6. a3 Bd6 7. d3 f5 
8. Nd2 O-O 9. Ngf3 Qe7 10. Qc2 Bd7 11. Be2 Rae8 12. b4 Kh8 13. Nc4 e4 
14. dxe4 fxe4 15. Nfd2 Bxb4 16. axb4 Ncxb4 17. Qb3 Bg4 18. Bxg4 Nd3+ 
19. Kd1 Nxf2+ 20. Ke2 Nxg4 21. h3 b5 22. hxg4 bxc4 23. Nxc4 Rb8 24. Qc2 Qd7 
25. Rh4 Qf7 26. Rah1 Qf2+ 27. Kd1 Nxe3+ 28. Nxe3 Rfd8+ 29. Kc1 Qxe3+ 
30. Kb1 Rxb2+ 31. Qxb2 Qd3+ 32. Ka1 Qa6+ 33. Kb1 Qd3+ 34. Ka1 Qa6+ 35. Kb1 Qd3+ 
1/2-1/2

[Event "Saturday Night engine Tour 9 Rd Swiss 7m+1s Starts at 2200hrs ST"]
[Site "Infinity Chess"]
[Date "2018.1.21"]
[Round "7"]
[White "OlivierEvan"]
[Black "SkyPilot"]
[Result "1/2-1/2"]
[ECO "B90"]
[WhiteElo "2429"]
[BlackElo "2535"]
[WhiteEngine "Houdini 6"]
[BlackEngine "stockfish_x64_bmi2_2018_01_13_CTG"]
[EventType "Swiss"]
[WhiteTeam ""]
[BlackTeam ""]
[PlyCount "65"]
[TimeControl "420+1"]

1. e4 c5 2. Nf3 d6 3. d4 cxd4 4. Nxd4 Nf6 5. Nc3 a6 6. Be3 e5 7. Nb3 Be6 
8. f3 h5 9. Qd2 Nbd7 10. Nd5 Bxd5 11. exd5 g6 12. Be2 Bg7 13. Na5 Rb8 14. O-O e4 
15. f4 Ng4 16. Bxg4 hxg4 17. Rab1 f5 18. b4 Qh4 19. g3 Qh7 20. Rb3 g5 
21. Nc4 Ke7 22. Rf2 Rhc8 23. Nb6 Nxb6 24. Bxb6 gxf4 25. Qxf4 Bh6 26. Qxf5 Qxf5 
27. Rxf5 Rxc2 28. Rh5 Rf8 29. Rxh6 Rc1+ 30. Kg2 Rc2+ 31. Kg1 Rc1+ 32. Kg2 Rc2+ 
33. Kg1 1/2-1/2

[Event "Saturday Night engine Tour 9 Rd Swiss 7m+1s Starts at 2200hrs ST"]
[Site "Infinity Chess"]
[Date "2018.1.21"]
[Round "7"]
[White "Victorious"]
[Black "Cepri"]
[Result "1/2-1/2"]
[ECO "A05"]
[WhiteElo "2523"]
[BlackElo "2486"]
[WhiteEngine "BugChess2.41_Release"]
[BlackEngine "asmFishW_12J18Mb_CTG"]
[EventType "Swiss"]
[WhiteTeam ""]
[BlackTeam ""]
[PlyCount "119"]
[TimeControl "420+1"]

1. Nf3 Nf6 2. d4 d5 3. e3 c5 4. Nbd2 e6 5. c3 b6 6. Bb5+ Nbd7 7. e4 dxe4 
8. Nxe4 Nxe4 9. Bc6 Rb8 10. Bxe4 Qc7 11. O-O Bd6 12. Bd2 O-O 13. Qe2 Nf6 
14. Bd3 Bb7 15. Ne5 cxd4 16. cxd4 Be7 17. Rad1 Qd6 18. Qe3 g6 19. a3 a5 
20. Bc1 Rbc8 21. Rfe1 Rc7 22. Be2 Nd5 23. Qg3 Rfc8 24. h4 Qd8 25. Bg5 Qf8 
26. Ng4 h5 27. Ne5 Bxg5 28. hxg5 Ne7 29. Bd3 Qd8 30. Qf4 Nd5 31. Qh4 Ne7 
32. Qf4 Nd5 33. Qd2 Ne7 34. Qe3 Bd5 35. Qf4 Nc6 36. Ba6 Rb8 37. Bf1 Nxe5 
38. dxe5 Qe7 39. g4 hxg4 40. Qxg4 Rbc8 41. Qf4 Rc5 42. Re3 Rc1 43. Rh3 R8c4 
44. Bxc4 Rxd1+ 45. Bf1 Qc7 46. Qf6 Rxf1+ 47. Kxf1 Qc4+ 48. Ke1 Qc1+ 
49. Ke2 Qxb2+ 50. Ke1 Qb1+ 51. Kd2 Qb2+ 52. Ke1 Qa1+ 53. Kd2 Qa2+ 54. Kc1 Qc4+ 
55. Kb2 Qb5+ 56. Kc2 Qc4+ 57. Kb2 Qd4+ 58. Kc1 Qa1+ 59. Kd2 Qb2+ 60. Ke1 1/2-1/2

[Event "Saturday Night engine Tour 9 Rd Swiss 7m+1s Starts at 2200hrs ST"]
[Site "Infinity Chess"]
[Date "2018.1.21"]
[Round "7"]
[White "MarioDeMonti"]
[Black "BraveDevil"]
[Result "1/2-1/2"]
[ECO "B90"]
[WhiteElo "2497"]
[BlackElo "2438"]
[WhiteEngine "stockfish_x64_bmi2_2018_01_13_CTG"]
[BlackEngine "Cryptic AIL V1"]
[EventType "Swiss"]
[WhiteTeam ""]
[BlackTeam ""]
[PlyCount "103"]
[TimeControl "420+1"]

1. e4 c5 2. Nf3 d6 3. d4 cxd4 4. Nxd4 Nf6 5. Nc3 a6 6. Be3 e5 7. Nb3 Be7 
8. Be2 Be6 9. O-O O-O 10. Qd3 Nbd7 11. Nd5 Nxd5 12. exd5 e4 13. Qxe4 Nf6 
14. Qd3 Bxd5 15. f3 Be6 16. Qd2 Re8 17. Rae1 Nd5 18. Bd4 Bf6 19. Bd3 Qc7 
20. c4 Bxd4+ 21. Nxd4 Qb6 22. Bxh7+ Kxh7 23. cxd5 Bxd5 24. Rxe8 Rxe8 25. Rd1 Re5 
26. b3 Be6 27. h3 Kg8 28. Kh2 Rd5 29. Qe3 Bd7 30. Nf5 Qxe3 31. Nxe3 Rxd1 
32. Nxd1 g5 33. Kg3 f6 34. Kf2 Kf7 35. Ke3 Ke6 36. g3 b5 37. Nf2 b4 38. Ne4 Be8 
39. f4 gxf4+ 40. Kxf4 a5 41. Ke3 a4 42. bxa4 Bxa4 43. h4 Bc2 44. h5 Bb1 
45. h6 Kf7 46. h7 Kg7 47. Nxf6 Bxa2 48. Ne8+ Kxh7 49. Nxd6 b3 50. Nc4 Kg8 
51. Kd2 Bb1 52. Kc3 1/2-1/2

[Event "Saturday Night engine Tour 9 Rd Swiss 7m+1s Starts at 2200hrs ST"]
[Site "Infinity Chess"]
[Date "2018.1.20"]
[Round "6"]
[White "star99"]
[Black "AHGST"]
[Result "1/2-1/2"]
[ECO "D15"]
[WhiteElo "2424"]
[BlackElo "2442"]
[WhiteEngine "Cryptic AIL V1"]
[BlackEngine "EngineDeepShredder13UCIx64"]
[EventType "Swiss"]
[WhiteTeam ""]
[BlackTeam ""]
[PlyCount "45"]
[TimeControl "420+1"]

1. d4 d5 2. c4 c6 3. Nf3 Nf6 4. Nc3 e6 5. e3 Nbd7 6. h3 Bd6 7. Bd3 dxc4 
8. Bxc4 O-O 9. O-O b5 10. Bd3 b4 11. Ne4 Nxe4 12. Bxe4 Bb7 13. Nd2 Ba6 
14. Re1 Rc8 15. a3 Bb5 16. Bf3 c5 17. Ne4 Bb8 18. dxc5 Qc7 19. Qd6 Qd8 
20. Qd4 Qc7 21. Qd6 Qd8 22. Qd1 Qc7 23. Qd6 1/2-1/2

[Event "Saturday Night engine Tour 9 Rd Swiss 7m+1s Starts at 2200hrs ST"]
[Site "Infinity Chess"]
[Date "2018.1.20"]
[Round "6"]
[White "tris77"]
[Black "klasman"]
[Result "1/2-1/2"]
[ECO "C77"]
[WhiteElo "2434"]
[BlackElo "2461"]
[WhiteEngine "stockfish_17091709_x64_CTG"]
[BlackEngine "Raubfisch ME262_GTZ16b2_CTG"]
[EventType "Swiss"]
[WhiteTeam ""]
[BlackTeam ""]
[PlyCount "71"]
[TimeControl "420+1"]

1. e4 e5 2. Nf3 Nc6 3. Bb5 a6 4. Ba4 Nf6 5. O-O Be7 6. Re1 b5 7. Bb3 O-O 
8. c3 d5 9. exd5 Nxd5 10. Nxe5 Nxe5 11. Rxe5 c6 12. d4 Bd6 13. Re1 Qh4 
14. g3 Qh3 15. Be3 Be6 16. Qf3 a5 17. a4 Rab8 18. axb5 Rxb5 19. Bc4 Rxb2 
20. Bf1 Qf5 21. Qxf5 Bxf5 22. Na3 Bxa3 23. Rxa3 Ra8 24. Rea1 a4 25. c4 Nxe3 
26. Rxa4 Rxa4 27. Rxa4 g5 28. fxe3 Rb1 29. Ra8+ Kg7 30. Kg2 Rb2+ 31. Kg1 Rb1 
32. Kf2 Rb2+ 33. Ke1 Rb1+ 34. Kf2 Rb2+ 35. Ke1 Rb1+ 36. Kf2 1/2-1/2

[Event "Saturday Night engine Tour 9 Rd Swiss 7m+1s Starts at 2200hrs ST"]
[Site "Infinity Chess"]
[Date "2018.1.20"]
[Round "6"]
[White "ocirema"]
[Black "Dovahkiin"]
[Result "1/2-1/2 "]
[ECO "B90"]
[WhiteElo "2509"]
[BlackElo "2451"]
[WhiteEngine "stockfish_18011309_x64_modern_CTG"]
[BlackEngine "BrainFish_180113_x64_modern_CTG"]
[EventType "Swiss"]
[WhiteTeam ""]
[BlackTeam ""]
[PlyCount "139"]
[TimeControl "420+1"]

1. e4 c5 2. Nf3 d6 3. d4 cxd4 4. Nxd4 Nf6 5. Nc3 a6 6. Be3 e5 7. Nb3 Be6 
8. Be2 Be7 9. O-O O-O 10. Qd3 Nc6 11. a3 d5 12. exd5 Nxd5 13. Nxd5 Qxd5 
14. Qxd5 Bxd5 15. Rfd1 Be4 16. Rd2 Rad8 17. Rad1 Rxd2 18. Rxd2 Rd8 
19. Rxd8+ Nxd8 20. c3 b5 21. c4 Bc6 22. Nc5 Bxc5 23. Bxc5 Ne6 24. Be3 Kf8 
25. Kf1 f5 26. Ke1 Ke7 27. Kd2 Kd6 28. g3 g5 29. Bd3 e4 30. Bf1 Ke5 31. Kc3 f4 
32. Ba7 h5 33. gxf4+ Nxf4 34. b3 bxc4 35. bxc4 Nd3 36. Bb6 Ke6 37. Be3 g4 
38. Kd4 Kf5 39. h4 Ke6 40. Bxd3 exd3 41. Kxd3 Kd6 42. Bd2 Bd7 43. Kd4 Kc6 
44. Bb4 Bf5 45. Ke5 Bd3 46. Kf6 Bxc4 47. Kg6 g3 48. fxg3 Be2 49. a4 Bd1 
50. Kg5 Kd5 51. a5 Kc4 52. Bd6 Kb5 53. Bc7 Bf3 54. Kg6 Kc5 55. Bd8 Kb4 
56. Bb6 Bg4 57. Bc7 Bf3 58. Kf5 Bg4+ 59. Ke4 Kb5 60. Ke5 Be2 61. Kf5 Bd1 
62. Kg5 Bf3 63. Bb6 Bd1 64. Bd8 Bf3 65. Kf4 Bd1 66. Bb6 Kb4 67. Kf5 Kc4 
68. Kg5 Bf3 69. Kf6 Kb5 70. Kg5 1/2-1/2

[Event "Saturday Night engine Tour 9 Rd Swiss 7m+1s Starts at 2200hrs ST"]
[Site "Infinity Chess"]
[Date "2018.1.20"]
[Round "6"]
[White "Eman"]
[Black "RonWeasley"]
[Result "1/2-1/2"]
[ECO "C00"]
[WhiteElo "2512"]
[BlackElo "2503"]
[WhiteEngine "Eman 1.64c 64-bit POPCNT"]
[BlackEngine "BrainFish 130117_CTG"]
[EventType "Swiss"]
[WhiteTeam ""]
[BlackTeam ""]
[PlyCount "91"]
[TimeControl "420+1"]

1. e4 e6 2. Nf3 d5 3. exd5 exd5 4. d4 Bd6 5. Bd3 Nc6 6. O-O Nge7 7. Re1 Bg4 
8. c3 Qd7 9. h3 Bf5 10. Bxf5 Qxf5 11. Nbd2 O-O 12. Nf1 Qd7 13. Qd3 Rae8 
14. Bd2 Nd8 15. Ng3 c6 16. b3 Ne6 17. Ne2 Ng6 18. c4 dxc4 19. bxc4 Nc5 
20. Qc2 Ne4 21. Be3 Re7 22. Nc3 Nxc3 23. Qxc3 Rfe8 24. a4 h6 25. a5 b5 
26. axb6 axb6 27. Ra6 Nf4 28. Bxf4 Rxe1+ 29. Nxe1 Bxf4 30. Nf3 b5 31. g3 Qxh3 
32. gxf4 Qg4+ 33. Kf1 Qh3+ 34. Kg1 Qg4+ 35. Kf1 b4 36. Qd3 Qh3+ 37. Kg1 Qg4+ 
38. Kh2 Qxf4+ 39. Kh1 b3 40. Qxb3 Qf5 41. Kg2 Qg4+ 42. Kh2 Qf4+ 43. Kg1 Qg4+ 
44. Kh2 Qf4+ 45. Kg1 Qg4+ 46. Kh2 1/2-1/2

[Event "Saturday Night engine Tour 9 Rd Swiss 7m+1s Starts at 2200hrs ST"]
[Site "Infinity Chess"]
[Date "2018.1.20"]
[Round "6"]
[White "Thinker"]
[Black "Murx"]
[Result "1/2-1/2"]
[ECO "B06"]
[WhiteElo "2508"]
[BlackElo "2515"]
[WhiteEngine "BrainFish_180113_x64_modern_CTG"]
[BlackEngine "BrainFish_180113_x64_modern"]
[EventType "Swiss"]
[WhiteTeam ""]
[BlackTeam ""]
[PlyCount "162"]
[TimeControl "420+1"]

1. e4 g6 2. d4 Bg7 3. Nf3 d6 4. c4 Bg4 5. Be2 Bxf3 6. Bxf3 Nc6 7. Be3 e5 
8. d5 Nd4 9. Nc3 c5 10. dxc6 bxc6 11. Rc1 Rb8 12. b3 c5 13. O-O Ne7 14. g3 Nxf3+ 
15. Qxf3 Nc6 16. Qg2 a5 17. Rcd1 Nd4 18. Kh1 O-O 19. Rd3 Qd7 20. g4 Rb7 
21. Rg1 Qe7 22. Rd2 Ra7 23. Rb1 Qd7 24. Rdd1 Qd8 25. Rf1 Kh8 26. Rbd1 Kg8 
27. Nb5 Rd7 28. Nc3 Ra7 29. Rfe1 Bf6 30. Rg1 Bg5 31. Rgf1 h6 32. f4 Bxf4 
33. Bxf4 exf4 34. Rxf4 Qe7 35. Rf2 Kg7 36. Rdf1 Qe5 37. Rf6 Rb7 38. R6f4 Re7 
39. Nd5 Rb7 40. Nc3 Kh7 41. Qd2 Kg7 42. Qe3 Re7 43. R4f2 Re6 44. Qd3 Re7 
45. h3 Rfe8 46. Nd5 Rb7 47. Nc3 a4 48. bxa4 Ra8 49. Kg2 Rh8 50. h4 Ra8 
51. Kh3 g5 52. Qd2 Ne6 53. Rf5 Qd4 54. R1f2 Qxd2 55. Rxd2 Rb4 56. Nb5 Rbxa4 
57. Nxd6 Ra3+ 58. Kg2 Nf4+ 59. Kf1 Rf3+ 60. Kg1 gxh4 61. Rxc5 Rg3+ 62. Kh2 Rd3 
63. Rxd3 Rxa2+ 64. Kg1 Nxd3 65. Rh5 Ra1+ 66. Kh2 Ra2+ 67. Kg1 Kg6 68. Nf5 Kf6 
69. Nxh6 Ra1+ 70. Kh2 Ne5 71. Rf5+ Ke6 72. Kh3 Rh1+ 73. Kg2 Rc1 74. g5 Rxc4 
75. Rf6+ Ke7 76. Nf5+ Kd7 77. Nxh4 Rxe4 78. Nf3 Ke7 79. Rf5 Nxf3 80. Kxf3 Re1 
81. Kg2 Re6 1/2-1/2

[Event "Saturday Night engine Tour 9 Rd Swiss 7m+1s Starts at 2200hrs ST"]
[Site "Infinity Chess"]
[Date "2018.1.20"]
[Round "6"]
[White "Deep_Impact"]
[Black "KhalidOmar"]
[Result "1/2-1/2"]
[ECO "D30"]
[WhiteElo "2566"]
[BlackElo "2528"]
[WhiteEngine "BrainFish_180113_x64_modern"]
[BlackEngine "Eman 1.64c 64-bit BMI2"]
[EventType "Swiss"]
[WhiteTeam ""]
[BlackTeam ""]
[PlyCount "43"]
[TimeControl "420+1"]

1. d4 d5 2. c4 e6 3. Nf3 Nf6 4. Nc3 c6 5. Bg5 h6 6. Bxf6 Qxf6 7. e3 g6 
8. Bd3 Nd7 9. cxd5 exd5 10. O-O Be7 11. Qd2 Qg7 12. e4 dxe4 13. Bxe4 O-O 
14. Rfe1 Bf6 15. Bc2 Rd8 16. Ne4 Be7 17. Qf4 Nf8 18. Qc7 Rd7 19. Qg3 Rd8 
20. Qc7 Rd7 21. Qg3 Rd8 22. Qc7 1/2-1/2

[Event "Saturday Night engine Tour 9 Rd Swiss 7m+1s Starts at 2200hrs ST"]
[Site "Infinity Chess"]
[Date "2018.1.20"]
[Round "6"]
[White "CoffeeOne"]
[Black "OlivierEvan"]
[Result "1/2-1/2"]
[ECO "E10"]
[WhiteElo "2545"]
[BlackElo "2424"]
[WhiteEngine "Houdini 6"]
[BlackEngine "Houdini 6"]
[EventType "Swiss"]
[WhiteTeam ""]
[BlackTeam ""]
[PlyCount "230"]
[TimeControl "420+1"]

1. d4 Nf6 2. c4 e6 3. Nf3 d5 4. Nc3 Be7 5. Bf4 O-O 6. e3 Nbd7 7. a3 c5 
8. cxd5 Nxd5 9. Nxd5 exd5 10. dxc5 Nxc5 11. Be5 Bf5 12. Be2 Bf6 13. Rc1 Bxe5 
14. Nxe5 Rc8 15. O-O Qf6 16. b4 Qxe5 17. bxc5 Be4 18. Qd4 Qg5 19. f3 Bf5 
20. Rfd1 h6 21. Kf2 Rfd8 22. Rc3 Qe7 23. g3 Qc7 24. Rd2 Bd7 25. Bf1 Bc6 
26. f4 Re8 27. Qb4 Qd7 28. Bg2 Qf5 29. Rd4 g5 30. Qb3 Re5 31. Bf3 gxf4 
32. Rxf4 Qh3 33. Rh4 Qe6 34. Qd1 Re8 35. Qd4 Qg6 36. Rg4 Rg5 37. Rf4 Re6 
38. a4 h5 39. Rc1 Rge5 40. Re1 Rf5 41. Rd1 Rfe5 42. Rd3 Re7 43. h4 f5 44. Bg2 a6 
45. Qb2 Re8 46. Qd2 Kh7 47. Qc3 Qe6 48. Qd4 Qg6 49. Rb3 Kh6 50. Bf3 Kh7 
51. Kg2 R8e7 52. Qd2 Qe6 53. Qd3 Qg6 54. Qd4 a5 55. Rc3 Kg8 56. Ra3 Kh7 
57. Rb3 R5e6 58. Qd2 d4 59. Rxd4 Bxf3+ 60. Kxf3 Re5 61. Kf2 Rg7 62. e4 Qg4 
63. Rd7 fxe4 64. Rxg7+ Qxg7 65. Qf4 Re7 66. Kg2 Qf7 67. Qxf7+ Rxf7 68. Rb6 e3 
69. Rb2 Kg6 70. Re2 Re7 71. Kf3 Rc7 72. Rxe3 Rxc5 73. Re6+ Kf7 74. Rb6 Rc3+ 
75. Kg2 Rc7 76. Rh6 Rc5 77. Rh7+ Ke6 78. Rxb7 Rf5 79. Ra7 Kf6 80. Rd7 Ke5 
81. Re7+ Kf6 82. Ra7 Ke6 83. Rh7 Kf6 84. Rh8 Kg6 85. Rc8 Kf7 86. Rc7+ Ke6 
87. Rc3 Ke7 88. Ra3 Ke6 89. Re3+ Kf6 90. Re4 Kg6 91. Rc4 Kg7 92. Rd4 Kg6 
93. Rd8 Kf7 94. Rd2 Ke6 95. Re2+ Kd6 96. Kh2 Re5 97. Rd2+ Ke7 98. Ra2 Kf7 
99. Rc2 Rf5 100. Re2 Kf6 101. Kh3 Rd5 102. Rf2+ Kg6 103. Rf4 Rf5 104. Rd4 Kf6 
105. Rd6+ Kf7 106. Kg2 Kg7 107. Rc6 Kf7 108. Rb6 Ke7 109. g4 Rf4 110. gxh5 Rxh4 
111. h6 Kf7 112. h7 Kg7 113. h8=Q+ Rxh8 114. Rb7+ Kg6 115. Rb6+ Kf5 1/2-1/2

[Event "Saturday Night engine Tour 9 Rd Swiss 7m+1s Starts at 2200hrs ST"]
[Site "Infinity Chess"]
[Date "2018.1.20"]
[Round "6"]
[White "SkyPilot"]
[Black "Victorious"]
[Result "1/2-1/2"]
[ECO "C50"]
[WhiteElo "2536"]
[BlackElo "2522"]
[WhiteEngine "stockfish_x64_bmi2_2018_01_13_CTG"]
[BlackEngine "BugChess2.41_Release"]
[EventType "Swiss"]
[WhiteTeam ""]
[BlackTeam ""]
[PlyCount "112"]
[TimeControl "420+1"]

1. e4 e5 2. Nf3 Nc6 3. Bc4 Bc5 4. O-O Nf6 5. d3 d6 6. c3 O-O 7. Bg5 h6 8. Bh4 g5 
9. Bg3 a6 10. Nbd2 Ba7 11. Bb3 Na5 12. Ba4 Nh5 13. b4 Nxg3 14. hxg3 b5 
15. Bc2 Nc6 16. a4 Bd7 17. Re1 Qf6 18. Qe2 g4 19. Nh4 Ne7 20. Nf1 c5 
21. bxc5 Bxc5 22. Ne3 h5 23. Qd2 Rfb8 24. axb5 axb5 25. Rxa8 Rxa8 26. Bb3 Rb8 
27. Nc2 Nc6 28. Rb1 Be6 29. Rb2 Bd7 30. Ne3 Ne7 31. Nc2 Bb6 32. Rb1 Kg7 
33. Ne3 Be6 34. Nd5 Nxd5 35. Bxd5 Bxd5 36. exd5 Kg8 37. Kh1 Bxf2 38. Rf1 Be3 
39. Qe2 Bf4 40. Qe4 Qg5 41. Nf5 Bxg3 42. Kg1 Bf4 43. g3 Bc1 44. Nxd6 Qe3+ 
45. Kg2 Qxe4+ 46. Nxe4 Ba3 47. Rf5 b4 48. cxb4 Rxb4 49. Rxe5 Rd4 50. Rxh5 Rxd3 
51. d6 Bxd6 52. Nxd6 Rxd6 53. Rg5+ Kf8 54. Rxg4 f6 55. Kf2 Ra6 56. Rb4 Ke8 
1/2-1/2